 Dungeon Sprint DCSS version 0.20-a0-1009-gc986637 (webtiles) character file.

410 Roshambo the Martial Artist (level 6, -4/53 HPs)
             Began as a Demonspawn Monk on Apr 14, 2017.
             Was an Elder of Makhleb.
             Slain by an orc warrior
             ... wielding a +0 dire flail
              (5 damage)
             ... in the Dungeon (Sprint IX: "|||||||||||||||||||||||||||||").
             The game lasted 00:01:14 (727 turns).

Roshambo the Martial Artist (Demonspawn Monk)        Turns: 727, Time: 00:01:15

Health: -4/53      AC: 13    Str: 11    XL:     6   Next: 58%
Magic:  0/10       EV: 11    Int: 12    God:    Makhleb [****..]
Gold:   0          SH:  0    Dex: 22    Spells: 5/5 levels left

rFire    . . .     SeeInvis .     - Unarmed
rCold    . . .     Gourm    .   (no shield)
rNeg     . . .     Faith    .   n - +0 plate armour
rPois    .         Spirit   +   (no helmet)
rElec    .         Reflect  .   (no cloak)
rCorr    .         Harm     .   (no gloves)
MR       .....     NoTele   +   m - +0 pair of boots
Stlth    ..........             (no amulet)
Regen    0.2/turn               o - +2 ring of evasion
MPRegen  0.2/turn               p - +2 ring of protection

@: agile
A: powered by pain 1, magic shield
a: Minor Destruction, Lesser Servant of Makhleb, Major Destruction, Renounce
Religion


You were in the Dungeon.
You worshipped Makhleb.
Makhleb was greatly pleased with you.
You were not hungry.

You visited 1 branch

Inventory:

Armour
 m - a +0 pair of boots (worn)
 n - a +0 plate armour (worn)
Jewellery
 o - a +2 ring of evasion (left hand)
 p - a +2 ring of protection (right hand)
Wands
 l - a wand of acid (5/15)
Scrolls
 h - 2 scrolls of blinking
 j - 3 scrolls of remove curse
 k - 2 scrolls of amnesia
Potions
 d - 3 potions of heal wounds
 e - a potion of haste
 f - 4 potions of magic
 g - a potion of invisibility
 i - 4 potions of curing
Comestibles
 a - 4 chunks of flesh
 b - a bread ration


   Skills:
 + Level 6.7 Fighting
 + Level 1.5 Armour
 + Level 6.1 Dodging
 - Level 3.6 Stealth
 + Level 9.8 Unarmed Combat
 * Level 6.3 Invocations


You had 5 spell levels left.
You didn't know any spells.

Dungeon Overview and Level Annotations

Branches:
Dungeon (1/1)

Altars:
Cheibriados
Dithmenos
Elyvilon
Fedhas
Gozag
Hepliaklqana
Kikubaaqudgha
Makhleb
Nemelex Xobeh
Okawaru
Qazlal
Ru
Sif Muna
Trog
Uskayaw
Vehumet
Wu Jian
Xom
Yredelemnul
Zin
The Shining One
Beogh
Jiyva
Lugonu


Innate Abilities, Weirdness & Mutations

You sometimes gain a little power by taking damage.
When hurt, damage is shared between your health and your magic reserves.


Message History

* * * LOW HITPOINT WARNING * * *
You focus on the pain.
You feel more agile all of a sudden.
You hit the orc warrior.
The orc warrior is heavily wounded.
The orc warrior hits you with a dire flail!
* * * LOW HITPOINT WARNING * * *
You focus on the pain.
You feel your power returning.
You hit the orc warrior.
The orc warrior is heavily wounded.
The orc warrior misses you.
You hit the orc warrior but do no damage.
The orc warrior is heavily wounded.
You barely miss the orc warrior.
The orc warrior is heavily wounded.
The orc warrior hits you but does no damage.
You hit the orc warrior.
The orc warrior is severely wounded.
The orc warrior hits you with a dire flail!
You die... ▓▓▓▓▓▓▓▓▓▓▓▓▓▓▓▓▓▓▓▓▓▓▓▓ +...cWo@.....)†[..[.)|.. ▓▓▓▓▓▓▓▓▓▓▓▓▓▓▓▓▓▓▓▓▓▓▓▓

You could see a centaur warrior, a hungry ghost and an orc warrior.

Vanquished Creatures
  An ogre (D)
  A centaur (D)
  A crocodile (D)
  A bullfrog (D)
  A wight (D)
  An iguana (D)
  A worker ant (D)
  An adder (D)
  An adder zombie (D)
  A leopard gecko (D)
  2 orcs (D)
  2 goblins (D)
  2 hobgoblins (D)
  A leopard gecko skeleton (D)
  A quokka zombie (D)
  A rat (D)
19 creatures vanquished.

Vanquished Creatures (others)
  A spatial maelstrom (D)
1 creature vanquished.

Grand Total: 20 creatures vanquished

Notes
Turn   | Place    | Note
-------+----------+-------------------------------------------
     0 | D        | Roshambo the Demonspawn Monk began the quest for the Orb.
     0 | D        | Reached XP level 1. HP: 19/19 MP: 1/1
    12 | D        | Banished a spatial maelstrom
    16 | D        | Reached skill level 1 in Unarmed Combat
    21 | D        | Reached skill level 2 in Unarmed Combat
    34 | D        | Reached skill level 3 in Unarmed Combat
   222 | D        | Noticed a centaur
   222 | D        | Noticed a worker ant
   242 | D        | Gained mutation: When hurt, damage is shared between your health and your magic reserves. [demonic ancestry]
   242 | D        | Reached XP level 2. HP: 18/25 MP: 2/2
   256 | D        | Reached skill level 5 in Unarmed Combat
   256 | D        | Reached XP level 3. HP: 7/30 MP: 1/3
   261 | D        | Killed a centaur
   261 | D        | Reached skill level 8 in Unarmed Combat
   261 | D        | Reached XP level 4. HP: 7/37 MP: 1/4
   456 | D        | Found a roughly hewn altar of Beogh.
   456 | D        | Found a snail-covered altar of Cheibriados.
   456 | D        | Found a shadowy altar of Dithmenos.
   456 | D        | Found a white marble altar of Elyvilon.
   456 | D        | Found a blossoming altar of Fedhas.
   456 | D        | Found an opulent altar of Gozag.
   457 | D        | Found a hazy altar of Hepliaklqana.
   458 | D        | Found a viscous altar of Jiyva.
   459 | D        | Found an ancient bone altar of Kikubaaqudgha.
   460 | D        | Found a corrupted altar of Lugonu.
   461 | D        | Found a burning altar of Makhleb.
   462 | D        | Found a sparkling altar of Nemelex Xobeh.
   463 | D        | Found an iron altar of Okawaru.
   464 | D        | Found a stormy altar of Qazlal.
   465 | D        | Found a sacrificial altar of Ru.
   466 | D        | Found a deep blue altar of Sif Muna.
   467 | D        | Found a bloodstained altar of Trog.
   468 | D        | Found a hide-covered altar of Uskayaw.
   469 | D        | Became a worshipper of Makhleb the Destroyer
   469 | D        | Reached * piety under Makhleb
   469 | D        | Reached ** piety under Makhleb
   470 | D        | Found a radiant altar of Vehumet.
   471 | D        | Found an ornate altar of the Wu Jian Council.
   472 | D        | Found a shimmering altar of Xom.
   473 | D        | Found a basalt altar of Yredelemnul.
   474 | D        | Found a glowing silver altar of Zin.
   475 | D        | Found a glowing golden altar of the Shining One.
   520 | D        | Noticed an ogre
   520 | D        | Noticed a crocodile
   522 | D        | Reached skill level 1 in Invocations
   528 | D        | Killed a crocodile
   528 | D        | Reached skill level 5 in Fighting
   528 | D        | Reached XP level 5. HP: 36/44 MP: 2/7
   528 | D        | Reached *** piety under Makhleb
   530 | D        | Killed an ogre
   530 | D        | Reached skill level 5 in Dodging
   530 | D        | Reached skill level 9 in Unarmed Combat
   530 | D        | Reached skill level 5 in Invocations
   530 | D        | Gained mutation: You sometimes gain a little power by taking damage. [demonic ancestry]
   530 | D        | Reached XP level 6. HP: 52/52 MP: 2/9
   696 | D        | Noticed a centaur warrior
   696 | D        | Noticed a hungry ghost
   696 | D        | Noticed an orc warrior
   702 | D        | Reached skill level 1 in Armour
   717 | D        | Reached **** piety under Makhleb
   723 | D        | HP: 1/53 [orc warrior/dire flail (9)]
   727 | D        | Slain by an orc warrior

Vault maps used:
D:        linesprint

Skill      XL: |  1  2  3  4  5  6 |
---------------+-------------------+-----
Unarmed Combat | 3 5 8 9 |  9.8
Invocations    | 3 5 6 |  6.3
Fighting       | 5 6 |  6.7
Dodging        | 4 5 6 |  6.1
Armour         | 1 |  1.5
Stealth        | |  3.6

Action                   |  1- 3 |  4- 6 || total
-------------------------+-------+-------++-------
Melee: Unarmed           |    67 |    37 ||   104
Evoke: Wand              |       |     2 ||     2
  Use: Potion            |     1 |     1 ||     2
Armor: Robe              |     3 |       ||     3
       Plate armour      |       |    14 ||    14
Dodge: Dodged            |    46 |     9 ||    55
